[ AOE2 MATCH · #476105628 ]
UnrankedMalay vs Ethiopians
[ REPLAY ANALYSIS · EXTRACTED FROM THE RECORDED GAME ]
Feudal
—
Castle
—
Imperial
—
| APM avg | 37.2 |
| APM peak | 36 |
| eAPM avg | 15.5 |
| Villagers / military | 4 / 0 |
Focus
⚔️ 0.0% · 🌾 100.0%
Feudal
—
Castle
—
Imperial
—
| APM avg | 51.7 |
| APM peak | 50 |
| eAPM avg | 30.0 |
| Villagers / military | 4 / 0 |
Focus
⚔️ 33.3% · 🌾 66.7%
Feudal
—
Castle
—
Imperial
—
| APM avg | 12.4 |
| APM peak | 12 |
| eAPM avg | 9.3 |
| Villagers / military | 4 / 0 |
Focus
⚔️ 0.0% · 🌾 100.0%
Feudal
—
Castle
—
Imperial
—
| APM avg | 62.0 |
| APM peak | 60 |
| eAPM avg | 40.3 |
| Villagers / military | 7 / 0 |
Focus
⚔️ 30.8% · 🌾 69.2%
Feudal
—
Castle
—
Imperial
—
| APM avg | 1.0 |
| APM peak | 1 |
| eAPM avg | 1.0 |
| Villagers / military | 0 / 0 |
Feudal
—
Castle
—
Imperial
—
| APM avg | 20.7 |
| APM peak | 20 |
| eAPM avg | 12.4 |
| Villagers / military | 0 / 0 |
Focus
⚔️ 0.0% · 🌾 100.0%
Match map
Initial resources + every placement click. Lines = walls · curves = elevation contours. ◆ gold · ⬟ stone · ● berries · ✦ relic · ◌ wall gap
Your base
TomCollins's base
Malelf's base
115slayer's base
HSL | LuxRay's base
Andrea Sempio's base
Smoothed initial terrain · ◌ = detected wall gap · hover for details
Inputs per minute
— RamboRob - - TomCollins
Build order — RamboRob
6 actions detected in the replay
| 0:01 | Create | Villager (Male) |
| 0:02 | Create | Villager (Male) |
| 0:03 | Build | House |
| 0:05 | Build | House |
| 0:32 | Create | Villager (Male) |
| 0:33 | Create | Villager (Male) |
Build order — TomCollins
7 actions detected in the replay
| 0:01 | Create | Villager (Male) |
| 0:02 | Build | House |
| 0:03 | Build | House |
| 0:22 | Create | Villager (Male) |
| 0:29 | Create | Villager (Male) |
| 0:32 | Create | Villager (Male) |
| 0:40 | Build | Palisade Wall |
Build order — Malelf
6 actions detected in the replay
| 0:01 | Create | Villager (Male) |
| 0:02 | Create | Villager (Male) |
| 0:02 | Create | Villager (Male) |
| 0:02 | Create | Villager (Male) |
| 0:03 | Build | House |
| 0:05 | Build | House |
Build order — 115slayer
11 actions detected in the replay
| 0:01 | Create | Villager (Male) |
| 0:01 | Create | Villager (Male) |
| 0:02 | Build | House |
| 0:03 | Build | House |
| 0:14 | Create | Villager (Male) |
| 0:14 | Create | Villager (Male) |
| 0:24 | Research | Loom |
| 0:24 | Research | Loom |
| 0:33 | Create | Villager (Male) |
| 0:45 | Create | Villager (Male) |
| 0:46 | Create | Villager (Male) |
Build order — HSL | LuxRay
0 actions detected in the replay
Build order — Andrea Sempio
1 actions detected in the replay
| 0:20 | Build | House |
Match timeline
| 0:04 | HSL | LuxRay · resign |
| 0:40 | TomCollins · wall_segment Palisade Wall x9 |
[ AI ANALYSIS · 1 CREDIT ]
What really happened in this match?
Wolo.gg analyzes every decision: build order, eco, micro, common mistakes by bracket. Personalized analysis on WhatsApp or Discord in 30 seconds.
Civ guide
Malay
Perfil
RamboRob